 Dungeon Crawl Stone Soup version 0.28.0-1-gb440e238dd (webtiles) character file.

Game seed: 8695924819599998472

10756 DrunkBamboolord the Zephyrmancer (level 11, 0/51 (54) HPs)
             Began as a Tengu Air Elementalist on Feb 27, 2022.
             Was a Believer of Vehumet.
             Slain by an orc warrior (11 damage)
             ... on level 10 of the Dungeon.
             The game lasted 00:29:55 (16809 turns).

DrunkBamboolord the Zephyrmancer (TeAE)            Turns: 16809, Time: 00:29:56

HP:   0/51 (54)     AC:  4    Str:  9    XL:     11   Next: 67%
MP:   26/26         EV: 17    Int: 20    God:    Vehumet [**....]
Gold: 520           SH:  0    Dex: 14    Spells: 16/31 levels left

rFire   + + .      SeeInvis .   z - +4 halberd (drain)
rCold   + . .      Faith    .   (shield currently unavailable)
rNeg    . . .      Spirit   .   j - +2 robe {Archmagi}
rPois   .          Reflect  .   (helmet restricted)
rElec   .          Harm     .   r - scarf {rC+ rF+}
rCorr   .          Rampage  .   (no gloves)
Will    .....      Archmagi +   (boots unavailable)
Stlth   ++........              s - amulet of regeneration
HPRegen 0.97/turn               d - ring of protection from fire
MPRegen 0.20/turn               (no ring)

@: flying quickly and evasively, studying Polearms, drained, quick
A: beak, talons 3, nimble flight
a: Renounce Religion


You were on level 10 of the Dungeon.
You worshipped Vehumet.
Vehumet was pleased with you.
You visited 1 branch of the dungeon, and saw 10 of its levels.

You collected 520 gold pieces.

Inventory:

Hand Weapons
 z - a +4 halberd of draining (weapon)
Missiles
 w - a throwing net
Armour
 j - a +2 robe of the Archmagi (worn)
 r - a scarf of resistance (worn)
Jewellery
 d - a ring of protection from fire (left hand)
 s - an amulet of regeneration (around neck)
 y - a ring of ice
Wands
 a - a wand of iceblast (1)
 i - a wand of flame (23)
Scrolls
 b - a scroll of fog
 f - 3 scrolls of fear
 g - 3 scrolls of holy word
 h - a scroll of identify
 k - 8 scrolls of teleportation
 l - 2 scrolls of magic mapping {unknown}
 m - 3 scrolls of immolation
 o - a scroll of torment
Potions
 c - 2 potions of flight {unknown}
 e - 6 potions of curing
 n - 3 potions of heal wounds {unknown}
 q - a potion of mutation {unknown}
 u - a potion of haste {unknown}


   Skills:
 * Level 4.1 Polearms
 * Level 6.7 Dodging
 - Level 3.0 Stealth
 * Level 10.6 Spellcasting
 * Level 8.6 Conjurations
 * Level 14.3 Air Magic


You had 16 spell levels left.
You knew the following spells:

 Your Spells              Type           Power      Damage    Failure   Level
a - Shock                 Conj/Air       100%       1d9       1%          1
b - Static Discharge      Conj/Air       71%        N/A       1%          2
c - Airstrike             Air            40%        N/A       1%          4
d - Swiftness             Air            80%        N/A       1%          3
e - Lightning Bolt        Conj/Air       35%        1d53      1%          5

Your spell library contained the following spells:

 Spells                   Type           Power      Damage    Failure   Level
 Foxfire                  Conj/Fire      100%       2x1d9     1%          1
 Magic Dart               Conj           100%       1d8       1%          1
 Poisonous Vapours        Pois/Air       100%       N/A       1%          2
 Searing Ray              Conj           100%       2d8       1%          2
 Stone Arrow              Conj/Erth      82%        3d12      3%          3
 Sandblast                Erth           30%        2d9       7%          1
 Sting                    Tmut/Pois      60%        1d6       7%          1
 Passwall                 Tmut/Erth      12%        N/A       10%         2
 Fulminant Prism          Conj/Hex       20%        3d13      11%         4
 Sticky Flame             Conj/Fire      41%        2d6       11%         4
 Dispel Undead            Necr           15%        3d10      54%         4
 Olgreb's Toxic Radiance  Pois           15%        N/A       54%         4
 Maxwell's Capacitive Co  Air            40%        ∞         77%         8
 Ozocubu's Refrigeration  Ice            7%         4d6       100%        7
 Ignition                 Fire           7%         3d5       100%        8


Dungeon Overview and Level Annotations

Branches:
Dungeon (10/15)            Temple (0/1) D:7            Lair (0/6) D:9
    Orc: D:9-12

Altars:
Dithmenos
Elyvilon
Gozag
Hepliaklqana
Makhleb
Okawaru
Qazlal
Uskayaw
Vehumet
Wu Jian
Yredelemnul
The Shining One

Shops:
D:9 (


Innate Abilities, Weirdness & Mutations

You have a beak for a mouth.
You have claws for feet.
Your magical nature lets you fly swiftly and evasively.


Message History

Okay, then.
Casting: Lightning Bolt (dangerous; 1% risk of failure)
Confirm with . or Enter, or press ? or * to list all spells.
Aiming: Lightning Bolt (dangerous; 1% risk of failure)
Press: ? - help, Shift-Dir - straight line, f - orc priest, p - orc priest
Aim: an orc priest, wielding a +0 club and wearing a +0 leather armour (64% to hit)
You feel a surge of power!
You hear a mighty clap of thunder!
The bolt of lightning hits the orc priest!!
You kill the orc priest!
Vehumet accepts your kill.
The bolt of lightning hits the orc priest!!!
You kill the orc priest!
Vehumet accepts your kill.
You hear a shout! x2; You hear an angry hiss.
You hear a shout! x4
Casting: Lightning Bolt (dangerous; 1% risk of failure)
Confirm with . or Enter, or press ? or * to list all spells.
Aiming: Lightning Bolt (dangerous; 1% risk of failure)
Press: ? - help, Shift-Dir - straight line You feel a surge of power!
You hear a mighty clap of thunder!
The bolt of lightning misses the orc warrior.
The bolt of lightning misses the orc.
Unknown command.
The orc warrior completely misses you.
You fly upwards.
There is a stone staircase leading down here.
You start resting.
HP restored.
You start resting.
Magic restored.
You fly downwards.
The wight hits you with a +0 flail!
The wight hits you with a +1 long sword.
You feel drained.
The orc warrior hits you from afar with a +0 glaive!
The wight hits you with a +0 flail!
You feel drained.
The wight hits you with a +1 long sword!
* * * LOW HITPOINT WARNING * * *
The orc warrior hits you from afar with a +0 glaive!
You die...

#$..#......
...#.....!
......(...
........
......#
#.....#..
#..o.....
#@z.#
#.zo)..[#
.........
##.......?
#........
..$......
.........
#........


You could see an orc warrior, 2 wights and an orc.

Vanquished Creatures
  2 two-headed ogres
  A troll (D:7)
  12 yaks
  6 wyverns
  2 steam dragons (D:7)
  2 basilisks
  A warg (D:6)
  Edmund (D:6)
  7 orc warriors
  4 water moccasins
  An ice beast (D:6)
  2 sky beasts
  4 ogres (D:6)
  6 centaurs
  6 phantoms
  2 kobold brigands
  Blork the orc (D:6)
  A bullfrog (D:8)
  3 scorpions
  A wyvern zombie (D:8)
  3 gnoll sergeants (D:6)
  6 wights
  3 howler monkeys (D:6)
  3 bullfrog zombies (D:6)
  2 centaur zombies
  14 hounds
  A jelly (D:8)
  4 gnoll shamans
  9 orc priests
  14 orc wizards
  2 bullfrog skeletons
  2 iguanas
  A killer bee zombie (D:6)
  A howler monkey zombie (D:9)
  11 gnolls
  6 adders
  A howler monkey skeleton (D:7)
  4 white imps
  2 ufetubi (D:4)
  An adder zombie (D:5)
  3 adder skeletons (D:4)
  A worm (D:2)
  22 orcs
  10 endoplasms
  4 giant cockroaches
  5 goblins
  6 hobgoblins
  20 jackals
  3 quokkas
  5 ball pythons
  2 bats (D:1)
  3 frilled lizards
  11 kobolds
  4 rats
254 creatures vanquished.

Vanquished Creatures (collateral kills)
  A two-headed ogre (D:9)
  A howler monkey zombie (D:9)
2 creatures vanquished.

Vanquished Creatures (others)
  3 fungi (D:9)
  22 plants
25 creatures vanquished.

Grand Total: 281 creatures vanquished

Notes
Turn   | Place    | Note
-------+----------+-------------------------------------------
     0 | D:1      | DrunkBamboolord the Tengu Air Elementalist began the quest
                  | for the Orb.
     0 | D:1      | Reached XP level 1. HP: 10/10 MP: 4/4
   258 | D:1      | Reached XP level 2. HP: 15/15 MP: 3/6
  1003 | D:1      | Learned a level 2 spell: Static Discharge
  1020 | D:1      | Reached XP level 3. HP: 19/19 MP: 1/7
  1616 | D:2      | Found a faded altar of an unknown god.
  1744 | D:2      | Reached skill level 5 in Air Magic
  1744 | D:2      | Reached XP level 4. HP: 24/24 MP: 5/8
  2736 | D:3      | Gained mutation: Your magical nature lets you fly swiftly
                  | and evasively. [Tengu growth]
  2736 | D:3      | Reached XP level 5. HP: 28/28 MP: 3/9
  2825 | D:3      | Found a burning altar of Makhleb.
  2864 | D:3      | Found a white marble altar of Elyvilon.
  3039 | D:3      | Learned a level 4 spell: Airstrike
  3043 | D:3      | Learned a level 3 spell: Swiftness
  3474 | D:4      | Reached XP level 6. HP: 32/32 MP: 6/11
  3516 | D:4      | Found a stormy altar of Qazlal.
  3896 | D:4      | Found a basalt altar of Yredelemnul.
  4390 | D:5      | Entered Level 5 of the Dungeon
  4434 | D:5      | Reached skill level 6 in Air Magic
  5106 | D:5      | Reached XP level 7. HP: 31/36 MP: 6/13
  5319 | D:5      | Reached skill level 5 in Conjurations
  5654 | D:5      | Reached skill level 7 in Air Magic
  5890 | D:6      | Noticed Blork the orc
  5951 | D:5      | Reached skill level 5 in Spellcasting
  5951 | D:5      | Reached XP level 8. HP: 18/41 MP: 2/16
  6181 | D:6      | Killed Blork the orc
  6185 | D:6      | Found a shadowy altar of Dithmenos.
  6318 | D:6      | Reached skill level 8 in Air Magic
  7128 | D:6      | Reached skill level 9 in Air Magic
  7545 | D:6      | Reached XP level 9. HP: 27/45 MP: 0/19
  7551 | D:6      | Learned a level 5 spell: Lightning Bolt
  8385 | D:6      | Reached skill level 10 in Air Magic
  8836 | D:6      | Reached skill level 5 in Dodging
  9398 | D:6      | Noticed Edmund
  9457 | D:6      | Reached skill level 11 in Air Magic
  9534 | D:6      | Killed Edmund
  9822 | D:6      | Found a radiant altar of Vehumet.
  9931 | D:6      | Became a worshipper of Vehumet
 10058 | D:6      | Reached XP level 10. HP: 50/50 MP: 2/23
 10084 | D:6      | Noticed a two-headed ogre
 10225 | D:6      | Killed a two-headed ogre
 10902 | D:7      | Reached skill level 12 in Air Magic
 12075 | D:7      | Found a staircase to the Ecumenical Temple.
 12247 | D:7      | Reached * piety under Vehumet
 12247 | D:7      | Offered knowledge of Sandblast by Vehumet.
 14053 | D:8      | Reached skill level 13 in Air Magic
 14055 | D:8      | Reached skill level 1 in Polearms
 14055 | D:8      | Reached XP level 11. HP: 44/54 MP: 4/25
 14797 | D:8      | Found a hide-covered altar of Uskayaw.
 14990 | D:9      | Found Seimiery's Antique Weapon Shoppe.
 15024 | D:9      | Noticed a two-headed ogre
 15053 | D:9      | Killed a two-headed ogre
 15224 | D:8      | Reached skill level 10 in Spellcasting
 15385 | D:9      | Noticed a two-headed ogre
 15920 | D:9      | Reached ** piety under Vehumet
 15920 | D:9      | Offered knowledge of Foxfire by Vehumet.
 15924 | D:9      | Reached skill level 14 in Air Magic
 16136 | D:9      | Found an iron altar of Okawaru.
 16136 | D:9      | Found an opulent altar of Gozag.
 16144 | D:9      | Found a hazy altar of Hepliaklqana.
 16146 | D:9      | Found an ornate altar of the Wu Jian Council.
 16148 | D:9      | Found a glowing golden altar of the Shining One.
 16257 | D:9      | Killed a two-headed ogre
 16429 | D:9      | Found a staircase to the Lair.
 16682 | D:10     | Entered Level 10 of the Dungeon
 16809 | D:10     | Slain by an orc warrior

Illustrated notes

Levels and vault maps discovered:
D:1:      kennysheep_arrival_seaside, layout_basic
D:2:      layout_rooms, hellmonk_ecumenical_altar_pennies_from_heaven,
          minmay_fountain_box
D:3:      layout_basic, mainiacjoe_overflow_catwalk_spiral
D:4:      layout_basic, mainiacjoe_overflow_24_doors,
          nicolae_qazlal_scattered_showers, serial_glass, glass_columns_b,
          glass_columns_a, minmay_misc_feat_columns, minmay_misc_feat_plants,
          minmay_misc_feat_pillars, minmay_crystal_room, dk_noncrumbling_4,
          serial_bayou_pond_d
D:5:      layout_basic, st_stairs_10, minmay_misc_feat_nine_boxes, dk_vineyard_2
D:6:      lemuel_castle_with_subvaults [lemuel_castle_interior_carwin_3],
          layout_gridville, mainiacjoe_overflow_catwalk, old_standard_altar,
          uniq_edmund, uniq_blork_the_orc
D:7:      layout_layer_cave, minmay_temple_entry_poolview, grunt_tough_drop
D:8:      layout_loops_corners, kennysheep_mini, minmay_misc_feat_four_crosses,
          minmay_manual_mullet
D:9:      layout_roguey, chequers_temple_overflow_minitemple,
          minmay_lair_entry_grove, enter_bailey_6, serial_shops,
          nicolae_diamond_shop
D:10:     layout_cave_pools, mainiacjoe_overflow_chevrons, uniq_snorg

Skill      XL: |  1  2  3  4  5  6  7  8  9 10 11 |
---------------+----------------------------------+-----
Conjurations   | 2 3 4 5 6 7 8 |  8.6
Air Magic      | 5 6 7 9 11 13 14 | 14.3
Spellcasting   | 3 5 6 8 9 10 | 10.6
Dodging        | 3 4 5 6 |  6.7
Stealth        | 3 |  3.0
Polearms       | 1 4 |  4.1

Action                   |  1- 3 |  4- 6 |  7- 9 | 10-12 || total
-------------------------+-------+-------+-------+-------++-------
Melee: Unarmed           |     6 |    13 |     3 |       ||    22
       Kick              |     1 |     6 |     2 |    11 ||    20
       Peck              |     1 |     2 |     2 |     9 ||    14
       Halberd           |       |       |       |    39 ||    39
 Cast: Shock             |    71 |   122 |    36 |     7 ||   236
       Static Discharge  |     1 |    14 |     7 |       ||    22
       Airstrike         |       |     3 |   127 |   129 ||   259
       Lightning Bolt    |       |       |       |    22 ||    22
  Use: Scroll            |     1 |     6 |       |    11 ||    18
       Potion            |       |       |       |     1 ||     1
Armor: Robe              |     4 |     6 |     8 |    10 ||    28
Dodge: Dodged            |    23 |    28 |    43 |    58 ||   152
